 Dungeon Crawl Stone Soup version 0.31-a0-1074-g0b22e4e0f1 (webtiles) character file.

Game seed: 6177210995243418579

513 jlumianski the Ruffian (level 7, -3/52 HPs)
             Began as a Gnoll Shapeshifter on Dec 1, 2023.
             Was an Initiate of Okawaru.
             Slain by Duvessa
             ... wielding a +0 short sword
              (12 damage)
             ... on level 5 of the Dungeon.
             The game lasted 00:22:11 (4500 turns).

jlumianski the Ruffian (Gnoll Shapeshifter)         Turns: 4500, Time: 00:22:12

Health: -3/52      AC:  5    Str: 13    XL:     7   Next: 19%
Magic:  10/10      EV: 12    Int: 11    God:    Okawaru [......]
Gold:   263        SH:  0    Dex: 12    Spells: 10/10 levels left

rFire   . . .        e - +1 dagger (venom)
rCold   . . .        (no shield)
rNeg    . . .        g - +0 ring mail
rPois   .            (helmet currently unavailable)
rElec   .            (cloak currently unavailable)
rCorr   .            (gloves currently unavailable)
SInv    .            (boots currently unavailable)
Will    .....        (no amulet)
Stlth   +            (no ring)
HPRegen 0.28/turn    (no ring)
MPRegen 0.12/turn

%: no passive effects
@: beast-form
A: beast (slay +3), fangs 1, strong nose, distributed training
a: Begin Untransformation, Renounce Religion


You were on level 5 of the Dungeon.
You worshipped Okawaru.
Okawaru was noncommittal.
You were a hulking beast.
You visited 2 branches of the dungeon, and saw 6 of its levels.

You collected 263 gold pieces.

Inventory:

Hand Weapons
 e - a +1 dagger of venom (weapon)
 i - a +1 short sword of draining
 k - a +4 dagger
 n - a +0 orcbow
 o - a +2 whip of electrocution
 y - a +0 rapier
Missiles
 f - 45 stones
 s - 6 javelins
 v - 7 poisoned darts
Armour
 a - a +0 animal skin
 g - a +0 ring mail (worn)
 A - a +1 leather armour of cold resistance
Talismans
 c - a beast talisman (active)
 d - a flux talisman
 t - a maw talisman
Scrolls
 l - a scroll of vulnerability
 m - 3 scrolls of immolation
 p - 2 scrolls of noise {unknown}
 u - 2 scrolls of teleportation {unknown}
 w - 2 scrolls of poison
 B - a scroll of blinking {unknown}
Potions
 b - 2 potions of lignification
 h - a potion of heal wounds
 j - a potion of magic {unknown}
 q - a potion of attraction {unknown}
 r - a potion of enlightenment {unknown}
 x - a potion of mutation {unknown}
 z - a potion of invisibility {unknown}


   Skills:
 + Level 3.5 Fighting
 + Level 2.3 Short Blades
 + Level 2.3 Long Blades
 + Level 2.3 Axes
 + Level 2.3 Maces & Flails
 + Level 2.3 Polearms
 + Level 2.3 Staves
 + Level 2.3 Ranged Weapons
 + Level 2.3 Throwing
 + Level 2.3 Armour
 + Level 5.2 Dodging
 + Level 2.3 Stealth
 + Level 2.3 Shields
 + Level 7.0 Unarmed Combat
 + Level 2.3 Spellcasting
 + Level 1.9 Conjurations
 + Level 1.9 Hexes
 + Level 1.9 Summonings
 + Level 1.9 Necromancy
 + Level 1.9 Translocations
 + Level 1.9 Transmutations
 + Level 1.9 Fire Magic
 + Level 1.9 Ice Magic
 + Level 1.9 Air Magic
 + Level 1.9 Earth Magic
 + Level 1.9 Poison Magic
 + Level 2.6 Invocations
 + Level 2.3 Evocations
 + Level 6.9 Shapeshifting


You had 10 spell levels left.
You didn't know any spells.
Your spell library contained the following spells:

 Spells                   Type           Power      Damage    Failure   Level
 Ensorcelled Hibernation  Hex/Ice        10%        N/A       38%         2
 Jinxbite                 Hex            10%        N/A       38%         2
 Dazzling Flash           Conj/Hex       10%        N/A       63%         3
 Volatile Blastmotes      Fire/Tloc      10%        2d10      63%         3
 Anguish                  Hex/Necr       2%         N/A       95%         4
 Starburst                Conj/Fire      2%         6d3       100%        6
 Maxwell's Capacitive Co  Air            2%         ∞         100%        8


Dungeon Overview and Level Annotations

Branches:
Dungeon (5/15)             Temple (1/1) D:4

Altars:
Cheibriados
Dithmenos
Hepliaklqana
Kikubaaqudgha
Makhleb
Nemelex Xobeh
Okawaru
Qazlal
Trog
Uskayaw
Vehumet
Wu Jian
Xom
Zin
The Shining One

Annotations:
D:5 Duvessa


Innate Abilities, Weirdness & Mutations

You are a hulking beast.
Your limbs bulge with bestial killing power. (Slay +3)
You have very sharp teeth.
Your uncanny sense of smell can sniff out nearby items.
Your experience applies equally to all skills.


Message History

Dowan hits you with a +0 dagger. Dowan hits you but does no damage.
You shoot an arrow. The arrow hits Dowan!
You kill Dowan!
Okawaru accepts your kill.
You hear a distant scream of rage.
Things that are here:
a +0 dagger; a +0 robe Duvessa goes berserk!
Duvessa rages.
B - a scroll labelled BUYTIU OC CETZ
Okay, then.
Unknown command.
Unknown command.
Unknown command.
Your +1 dagger of venom begins to drip with poison!
e - a +1 dagger of venom (weapon)
You hit Duvessa but do no damage.
Duvessa is poisoned.
Duvessa hits you with a +0 short sword!
You hit Duvessa but do no damage.
Duvessa looks as sick as possible!
You bite Duvessa, but do no damage. Duvessa completely misses you. x2
You hit Duvessa but do no damage.
Duvessa looks as sick as possible!
Duvessa is lightly wounded.
Duvessa barely misses you.
You hit Duvessa but do no damage.
Duvessa is lightly wounded.
Duvessa hits you with a +0 short sword!
You hit Duvessa. Your bite misses Duvessa.
Duvessa is lightly wounded.
Duvessa hits you with a +0 short sword. Duvessa closely misses you.
You hit Duvessa but do no damage.
Duvessa looks as sick as possible!
Duvessa is lightly wounded.
Duvessa barely misses you.
You hit Duvessa but do no damage.
Duvessa is lightly wounded.
Duvessa hits you with a +0 short sword!
* * * LOW HITPOINT WARNING * * *
You hit Duvessa but do no damage.
Duvessa looks as sick as possible!
Duvessa is moderately wounded.
Duvessa closely misses you. Duvessa hits you with a +0 short sword!
You die...

#......#.....### ##..........#
##..####...#...###e.######...#
#..## #...###.#...## ...# #.##
##.####...### .## .. #.#
#...## . #. #..#.# #. #.##)#
... #.## .### #.h# .∆ ##.e#
##.... #..... ...... ......
##### ∆ #...


You could see Duvessa (berserk, extremely poisoned).

Vanquished Creatures
  Eustachio (D:4)
  A scorpion (D:4)
  Dowan (D:5)
  A jelly (D:4)
  A hound (D:5)
  A gnoll bouda (D:4)
  3 gnolls (D:4)
  4 adders
  A white imp (D:3)
  A dart slug (D:1)
  15 orcs
  6 endoplasms
  4 giant cockroaches
  11 goblins
  7 hobgoblins
  5 jackals
  5 quokkas
  5 ball pythons
  4 bats
  7 frilled lizards
  10 kobolds
  5 rats
99 creatures vanquished.

Notes
Turn   | Place    | Note
-------+----------+-------------------------------------------
     0 | D:1      | jlumianski the Gnoll Shapeshifter began the quest for the
                  | Orb.
     0 | D:1      | Reached XP level 1. HP: 17/17 MP: 1/1
   186 | D:1      | Reached XP level 2. HP: 23/23 MP: 2/2
   247 | D:2      | Found a shimmering altar of Xom.
   426 | D:1      | Reached XP level 3. HP: 28/28 MP: 3/3
   631 | D:1      | Reached skill level 1 in Invocations
   941 | D:2      | Reached skill level 1 in Short Blades
   941 | D:2      | Reached skill level 1 in Long Blades
   941 | D:2      | Reached skill level 1 in Axes
   941 | D:2      | Reached skill level 1 in Maces & Flails
   941 | D:2      | Reached skill level 1 in Polearms
   941 | D:2      | Reached skill level 1 in Staves
   941 | D:2      | Reached skill level 1 in Ranged Weapons
   941 | D:2      | Reached skill level 1 in Throwing
   941 | D:2      | Reached skill level 1 in Armour
   941 | D:2      | Reached skill level 1 in Stealth
   941 | D:2      | Reached skill level 1 in Shields
   941 | D:2      | Reached skill level 1 in Spellcasting
   941 | D:2      | Reached skill level 1 in Evocations
  1072 | D:2      | Reached XP level 4. HP: 34/34 MP: 5/5
  1315 | D:3      | Reached skill level 1 in Conjurations
  1315 | D:3      | Reached skill level 1 in Hexes
  1315 | D:3      | Reached skill level 1 in Summonings
  1315 | D:3      | Reached skill level 1 in Necromancy
  1315 | D:3      | Reached skill level 1 in Translocations
  1315 | D:3      | Reached skill level 1 in Transmutations
  1315 | D:3      | Reached skill level 1 in Fire Magic
  1315 | D:3      | Reached skill level 1 in Ice Magic
  1315 | D:3      | Reached skill level 1 in Air Magic
  1315 | D:3      | Reached skill level 1 in Earth Magic
  1315 | D:3      | Reached skill level 1 in Poison Magic
  2375 | D:3      | Reached XP level 5. HP: 40/40 MP: 5/7
  2575 | D:3      | Found a faded altar of an unknown god.
  3136 | D:5      | Entered Level 5 of the Dungeon
  3153 | D:5      | Noticed Dowan
  3154 | D:5      | Noticed Duvessa
  3524 | D:4      | Noticed Eustachio
  3536 | D:4      | Killed Eustachio
  3537 | D:4      | Reached skill level 5 in Dodging
  3537 | D:4      | Reached XP level 6. HP: 10/47 MP: 7/9
  3969 | D:4      | Found a staircase to the Ecumenical Temple.
  3979 | Temple   | Entered the Ecumenical Temple
  3988 | Temple   | Became a worshipper of Warmaster Okawaru
  4010 | D:4      | Reached skill level 7 in Unarmed Combat
  4010 | D:4      | Reached XP level 7. HP: 52/52 MP: 10/10
  4486 | D:5      | Killed Dowan
  4500 | D:5      | Slain by Duvessa

Illustrated notes

Levels and vault maps discovered:
D:1:      lemuel_arrival_behind_the_door_large, layout_rooms,
          minmay_door_square, minmay_tiny_reverse_x
D:2:      layout_loops_corners, basic_altar, st_stairs_11, minmay_pentomino_w2
D:3:      layout_basic, chequers_ecumenical_altar_island
D:4:      corexii_shack_village, layout_basic, minmay_temple_entry_mist,
          uniq_eustachio
D:5:      layout_rooms, led_sif_book, dk_yredelemnul_ordeal,
          gammafunk_temple_overflow_claw, uniq_duvessa
Temple:   minmay_freezing_vapour_temple

Skill      XL: |  1  2  3  4  5  6 |
---------------+-------------------+-----
Invocations    | 1 2 |  2.6
Short Blades   | 1 2 |  2.3
Long Blades    | 1 2 |  2.3
Axes           | 1 2 |  2.3
Maces & Flails | 1 2 |  2.3
Polearms       | 1 2 |  2.3
Staves         | 1 2 |  2.3
Ranged Weapons | 1 2 |  2.3
Throwing       | 1 2 |  2.3
Armour         | 1 2 |  2.3
Stealth        | 1 2 |  2.3
Shields        | 1 2 |  2.3
Spellcasting   | 1 2 |  2.3
Evocations     | 1 2 |  2.3
Conjurations   | 1 |  1.9
Hexes          | 1 |  1.9
Summonings     | 1 |  1.9
Necromancy     | 1 |  1.9
Translocations | 1 |  1.9
Transmutations | 1 |  1.9
Fire Magic     | 1 |  1.9
Ice Magic      | 1 |  1.9
Air Magic      | 1 |  1.9
Earth Magic    | 1 |  1.9
Poison Magic   | 1 |  1.9
Fighting       | 3 |  3.5
Dodging        | 5 |  5.2
Unarmed Combat | 7 |  7.0
Shapeshifting  | |  6.9

Action                     |  1- 3 |  4- 6 |  7- 9 || total
---------------------------+-------+-------+-------++-------
  Melee: Unarmed           |    71 |    63 |     1 ||   135
         Bite              |     4 |     7 |     1 ||    12
         Punch             |     1 |     2 |       ||     3
         Dagger            |       |       |     8 ||     8
   Fire: Orcbow            |    11 |    71 |    10 ||    92
  Throw: Javelin           |       |     1 |       ||     1
    Use: Scroll            |       |     4 |       ||     4
 Armour: Animal skin       |     9 |       |       ||     9
         Ring mail         |    28 |    60 |    10 ||    98
  Dodge: Dodged            |    35 |    63 |     9 ||   107
   Form: Beast             |       |     1 |       ||     1
         Flux              |       |     1 |       ||     1

Table legend: (Time is in decaauts)
 A = Elapsed time spent in this place.
 B = Non-inter-level travel time spent in this place.
 C = Inter-level travel time spent in this place.
 D = Time resting spent in this place.
 E = Time spent auto-exploring this place.
 F = Levels seen in this place.
 G = Mean time per level.
                   A        B        C        D        E       F      G
               +--------+--------+--------+--------+--------+-----+--------+
         Total |   4535 |   4317 |    218 |    251 |   2466 |   6 |  755.8 |
       Dungeon |   4520 |   4302 |    218 |    251 |   2466 |   5 |  904.0 |
        Temple |     14 |     14 |      0 |      0 |      0 |   1 |   14.0 |
               +--------+--------+--------+--------+--------+-----+--------+

Top non-repeatable levels by time:
     D:4: 1526 daAuts
     D:2: 1204 daAuts
     D:3: 944 daAuts
     D:1: 715 daAuts
     D:5: 130 daAuts
  Temple: 14 daAuts
